 Dungeon Sprint DCSS version 0.30.1-11-g7821555f0a (webtiles) character file.

Game seed: 6464289037599139279

389 Heoruswealwe the Spear-Bearer (level 6, 0/63 HPs)
             Began as a Minotaur Fighter on Nov 7, 2023.
             Was an Initiate of Gozag.
             Slain by an orc warrior
             ... wielding a +0 flail
              (4 damage)
             ... in the Dungeon (Sprint IX: "|||||||||||||||||||||||||||||").
             The game lasted 00:00:57 (128 turns).

Heoruswealwe the Spear-Bearer (Minotaur Fighter)     Turns: 128, Time: 00:00:58

Health: 0/63       AC: 15    Str: 22    XL:     6   Next: 50%
Magic:  5/5        EV: 10    Int:  5    God:    Gozag
Gold:   0          SH:  0    Dex: 10    Spells: 5/5 levels left

rFire   . . .        b - +2 halberd (protect)
rCold   . . .        (shield currently unavailable)
rNeg    . . .        c - +0 scale mail
rPois   .            (helmet restricted)
rElec   .            (no cloak)
rCorr   .            (no gloves)
SInv    .            (no boots)
Will    .....        (no amulet) Stlth
                     (no ring)
HPRegen 0.30/turn    (no ring)
MPRegen 0.09/turn

%: no teleportation
@: gold aura, under a protective aura
A: horns 2, retaliatory headbutt
a: Renounce Religion, Potion Petition, Call Merchant, Bribe Branch


You were in the Dungeon.
You worshipped Gozag.
Gozag was noncommittal.
You visited 1 branch

Inventory:

Hand Weapons
 a - a +0 trident
 b - a +2 halberd of protection (weapon)
Armour
 c - a +0 scale mail (worn)
 d - a +0 buckler
Jewellery
 l - a +2 ring of evasion
 m - a +3 ring of dexterity
Wands
 h - a wand of acid (10)
Scrolls
 j - 2 scrolls of blinking
Potions
 e - 5 potions of curing
 f - 3 potions of heal wounds
 g - a potion of haste
 i - a potion of berserk rage
 k - a potion of might


   Skills:
 + Level 9.2 Fighting
 * Level 12.0 Polearms
 + Level 9.2 Armour
 - Level 3.6 Shields


You had 5 spell levels left.
You didn't know any spells.
Your spell library was empty.

Dungeon Overview and Level Annotations

Branches:
Dungeon (1/1)

Altars:
Cheibriados
Dithmenos
Elyvilon
Fedhas
Gozag
Hepliaklqana
Kikubaaqudgha
Makhleb
Nemelex Xobeh
Okawaru
Qazlal
Ru
Sif Muna
Trog
Uskayaw
Vehumet
Wu Jian
Xom
Yredelemnul
Zin
The Shining One
Jiyva
Lugonu


Innate Abilities, Weirdness & Mutations

You have a pair of horns on your head.
You reflexively headbutt those who attack you in melee.


Message History

You barely miss the yak. Your headbutt misses the yak.
The yak is moderately wounded.
The yak gores you.
* * * LOW HITPOINT WARNING * * *
The centaur is distracted by your dazzling golden aura.
The centaur shouts!
You slice the yak!! You headbutt the yak.
The yak is almost dead.
The yak gores you!
* * * LOW HITPOINT WARNING * * *
You impale the yak!!
You kill the yak!
Your Fighting skill increases to level 8!
Your Polearms skill gained 2 levels and is now at level 11!
Your Armour skill increases to level 8!
You have reached level 6!
There is an open door to the Dungeon, spattered with blood here.
You see here 171 gold pieces.
You puncture the centaur!
The centaur is no longer distracted by gold.
The centaur is severely wounded.
The acid dragon is distracted by your dazzling golden aura.
The centaur hits you but does no damage.
The centaur kicks you but does no damage.
The acid dragon roars!
You slice the centaur!!
You kill the centaur!
Your Fighting skill increases to level 9!
Your Polearms skill increases to level 12!
Your Armour skill increases to level 9!
You puncture the orc warrior!
The orc warrior is moderately wounded.
The acid dragon is no longer distracted by gold.
The orc warrior hits you with a +0 flail.
* * * LOW HITPOINT WARNING * * *
You barely miss the orc warrior.
The orc warrior is moderately wounded.
The orc warrior hits you with a +0 flail.
You die...
Your body crumbles into a pile of gold.

$
▓?▓
$
▓)▓
$
▓.▓
▓[▓
$
▓[▓
▓[▓
$
▓.▓
$
▓.▓
$ $
▓@▓
▓o▓
$
▓K▓
$
▓D▓
$ $
▓.▓
$
▓.▓
$
▓.▓
▓+▓


You could see an orc warrior, an acid dragon and a kobold brigand.

Vanquished Creatures
  A yak (D)
  A centaur (D)
  A scorpion (D)
  A killer bee (D)
  A hound (D)
  An iguana (D)
  A dart slug (D)
  An orc (D)
  An endoplasm (D)
  2 jackals (D)
  A ball python (D)
  A rat (D)
13 creatures vanquished.

Notes
Turn   | Place    | Note
-------+----------+-------------------------------------------
     0 | D        | Heoruswealwe the Minotaur Fighter began the quest for the
                  | Orb.
     0 | D        | Reached XP level 1. HP: 19/19 MP: 0/0
    10 | D        | Reached skill level 3 in Polearms
    37 | D        | Noticed a scorpion
    37 | D        | Noticed an iguana
    37 | D        | Noticed a hound
    42 | D        | Reached skill level 4 in Polearms
    42 | D        | Reached XP level 2. HP: 28/28 MP: 1/1
    46 | D        | Killed a scorpion
    47 | D        | Reached skill level 5 in Fighting
    47 | D        | Reached skill level 6 in Polearms
    47 | D        | Reached skill level 5 in Armour
    47 | D        | Reached XP level 3. HP: 36/37 MP: 2/2
    50 | D        | Reached skill level 7 in Polearms
    50 | D        | Reached XP level 4. HP: 32/44 MP: 3/3
    56 | D        | Reached skill level 8 in Polearms
    62 | D        | Found a snail-covered altar of Cheibriados.
    62 | D        | Found a shadowy altar of Dithmenos.
    62 | D        | Found a white marble altar of Elyvilon.
    62 | D        | Found a blossoming altar of Fedhas.
    62 | D        | Found an opulent altar of Gozag.
    63 | D        | Found a hazy altar of Hepliaklqana.
    64 | D        | Found a viscous altar of Jiyva.
    65 | D        | Found an ancient bone altar of Kikubaaqudgha.
    66 | D        | Found a corrupted altar of Lugonu.
    67 | D        | Found a burning altar of Makhleb.
    68 | D        | Found a sparkling altar of Nemelex Xobeh.
    69 | D        | Found an iron altar of Okawaru.
    70 | D        | Became a worshipper of Gozag Ym Sagoz the Greedy
    71 | D        | Found a stormy altar of Qazlal.
    72 | D        | Found a sacrificial altar of Ru.
    73 | D        | Found a shimmering blue altar of Sif Muna.
    74 | D        | Found a bloodstained altar of Trog.
    75 | D        | Found a hide-covered altar of Uskayaw.
    76 | D        | Found a radiant altar of Vehumet.
    77 | D        | Found an ornate altar of the Wu Jian Council.
    78 | D        | Found a shimmering altar of Xom.
    79 | D        | Found a basalt altar of Yredelemnul.
    80 | D        | Found a glowing silver altar of Zin.
    81 | D        | Found a glowing golden altar of the Shining One.
   112 | D        | Noticed a yak
   112 | D        | Noticed a centaur
   112 | D        | Noticed an orc warrior
   112 | D        | Noticed a kobold brigand
   112 | D        | Noticed an acid dragon
   118 | D        | Reached skill level 9 in Polearms
   118 | D        | Reached XP level 5. HP: 18/52 MP: 4/4
   123 | D        | Killed a yak
   124 | D        | Reached skill level 11 in Polearms
   124 | D        | Reached XP level 6. HP: 4/62 MP: 5/5
   127 | D        | Reached skill level 12 in Polearms
   128 | D        | Slain by an orc warrior

Illustrated notes

Levels and vault maps discovered:
D:        linesprint [early_d, line_temple, items_1, d_10, items_2, lair_1,
          lair_end, items_3, orc_1, orc_end, items_4, d_15, swamp_1, shoals_1,
          snake_1, spider_1, d_20, vaults_1, items_5, swamp_end, shoals_end,
          snake_end, spider_end, vaults_end, d_27, items_6, zot_1, zot_end,
          crypt_end, forest_end, elf_end, slime_end, tomb_end, abyss_end,
          pan_hell_end]

Skill      XL: |  1  2  3  4  5  6 |
---------------+-------------------+-----
Polearms       | 4 6 7 9 11 12 | 12.0
Fighting       | 4 5 6 7 8 9 |  9.2
Armour         | 4 5 6 7 8 9 |  9.2
Shields        | |  3.6

Action                     |  1- 3 |  4- 6 || total
---------------------------+-------+-------++-------
  Melee: Trident           |    26 |     6 ||    32
         Headbutt          |     3 |     3 ||     6
         Halberd           |       |    15 ||    15
 Armour: Scale mail        |    11 |     8 ||    19
  Dodge: Dodged            |     7 |     5 ||    12
  Block: Buckler           |     1 |       ||     1
